 Dungeon Crawl Stone Soup version 0.20.0-9-g8272e65 (webtiles) character file.

11195 Darkell the Thaumaturge (level 11, -1/68 HPs)
             Began as a Demonspawn Ice Elementalist on June 3, 2017.
             Was a High Priest of Kikubaaqudgha.
             Slain by a spiny frog (19 damage)
             ... on level 1 of the Lair of Beasts.
             The game lasted 00:26:41 (14272 turns).

Darkell the Thaumaturge (DsIE)                     Turns: 14272, Time: 00:26:42

Health: -1/68      AC:  7    Str:  9    XL:     11   Next: 46%
Magic:  2/24       EV: 18    Int: 20    God:    Kikubaaqudgha [*****.]
Gold:   631        SH:  0    Dex: 13    Spells: 17/28 levels left

rFire    . . .     SeeInvis .   C - +2 quarterstaff (chaos)
rCold    . . .     Gourm    .   (shield currently unavailable)
rNeg     . . .     Faith    .   a - +1 robe
rPois    .         Spirit   .   (helmet restricted)
rElec    .         Reflect  .   D - +0 cloak
rCorr    .         Harm     .   (no gloves)
MR       .....                  j - +2 pair of boots
Stlth    +.........             o - amulet of inaccuracy (curse)
Regen    0.3/turn               (no ring)
MPRegen  0.2/turn               (no ring)

@: lethally poisoned (-1 -> -2), very slightly contaminated, heavily drained
A: horns 2, repulsion field 1, demonic guardian 3, powered by death 2
a: Receive Corpses, Torment, Renounce Religion


You were on level 1 of the Lair of Beasts.
You worshipped Kikubaaqudgha.
Kikubaaqudgha was extremely pleased with you.
You were hungry.

You visited 3 branches of the dungeon, and saw 12 of its levels.
You also visited: Ossuary.

You collected 631 gold pieces.

Inventory:

Hand Weapons
 m - a +1 short sword
 C - a +2 quarterstaff of chaos (weapon)
 F - a +0 blowgun
 H - a +1 dagger of venom
Missiles
 g - 6 curare-tipped needles
 G - 36 poisoned needles
Armour
 a - a +1 robe (worn)
 j - a +2 pair of boots (worn)
 t - a +1 buckler of fire resistance
 D - a +0 cloak (worn)
 T - a +0 troll leather armour
Jewellery
 i - an uncursed amulet of regeneration {unknown}
 o - a cursed amulet of inaccuracy (around neck)
 M - an uncursed amulet of guardian spirit {unknown}
Wands
 h - a wand of disintegration (5/24)
 v - a wand of iceblast (12/15)
 y - a wand of flame (38/48)
 E - a wand of lightning (7/15)
 N - a wand of iceblast (5/15)
 O - a wand of random effects (6/48)
 P - a wand of acid (9/15)
 R - a wand of enslavement (21/24)
 S - a wand of lightning (7/15)
 Z - a wand of lightning (11/15)
Scrolls
 e - 3 scrolls of teleportation
 f - 2 scrolls of recharging
 r - 8 scrolls of identify
 x - a scroll of enchant armour
 B - a scroll of fog
 J - a scroll of brand weapon {unknown}
Potions
 b - 2 potions of heal wounds
 d - a potion of berserk rage
 k - 3 potions of cancellation
 l - 3 potions of lignification {unknown}
 p - 2 potions of degeneration
 q - a potion of magic
 s - a potion of mutation {unknown}
 u - 3 potions of flight {unknown}
 w - a potion of agility
 z - a potion of might
 K - 2 potions of haste {unknown}
 L - a potion of curing
 U - a potion of resistance {unknown}
 W - a potion of brilliance {unknown}
Books
 X - a book of Callings

   Spells                             Type                      Level
   a - Summon Small Mammal            Summoning                    1
   b - Call Imp                       Summoning                    2
   c - Call Canine Familiar           Summoning                    3
   d - Summon Guardian Golem          Hexes/Summoning              3
   e - Summon Lightning Spire         Summoning/Air                4
   f - Summon Ice Beast               Ice/Summoning                4
Miscellaneous
 I - a phantom mirror
Comestibles
 c - 8 bread rations
 n - 5 meat rations
 A - 4 fruits
 Q - 10 royal jellies
 V - 5 chunks of flesh


   Skills:
 - Level 9.4(6.9) Dodging
 - Level 1.7(0.0) Stealth
 - Level 9.4(6.9) Spellcasting
 + Level 9.4(6.9) Conjurations
 - Level 7.1(4.8) Ice Magic


You had 17 spell levels left.
You knew the following spells:

 Your Spells              Type           Power        Failure   Level  Hunger
a - Freeze                Ice            ####         1%          1    None
b - Ozocubu's Armour      Chrm/Ice       ###.....     11%         3    #......
c - Throw Icicle          Conj/Ice       ####....     9%          4    ###....
d - Regeneration          Chrm/Necr      #.........   28%         3    #......


Dungeon Overview and Level Annotations

Branches:
Dungeon (10/15)            Temple (1/1) D:6            Lair (1/6) D:10
    Orc: D:9-12

Altars:
Cheibriados
Dithmenos
Elyvilon
Fedhas
Hepliaklqana
Kikubaaqudgha
Makhleb
Nemelex Xobeh
Qazlal
Ru
Sif Muna
Trog
Uskayaw
Vehumet
Xom
Yredelemnul
Zin
The Shining One
Beogh

Annotations:
D:2 Terence
D:4 Pikken's ghost, amateur TrMo
D:5 exclusion: door
D:7 exclusion: oklob plant


Innate Abilities, Weirdness & Mutations

You have a pair of horns on your head.
You are surrounded by a mild repulsion field. (EV +2)
A powerful demonic guardian rushes to your aid.
You regenerate health from kills.


Message History

* * * LOW HITPOINT WARNING * * *
Casting: Throw Icicle
Confirm with . or Enter, or press ? or * to list all spells.
Aiming: Freeze
Press: ? - help, Shift-Dir - straight line, f/p - spiny frog
Aim: a spiny frog (moderately wounded)
You freeze the spiny frog.
The spiny frog is heavily wounded.
You feel sick. The spiny frog barely misses you.
Casting: Freeze
Confirm with . or Enter, or press ? or * to list all spells.
Aiming: Freeze
Press: ? - help, Shift-Dir - straight line, f/p - spiny frog
Aim: a spiny frog (heavily wounded)
You freeze the spiny frog.
The spiny frog is severely wounded.
The quokka twitches its whiskers.
The spiny frog stings you!!
You die...
Kikubaaqudgha rasps: "You have failed me!
Welcome... death!"

##........######.#.##
#........
##............###.#.#
#........
##............# ##r##
##....†..
#.........##..####.#
##....##
##.....#####..##.r.#
#...###. .#....##
#...#r.## #.......
#....# #...#r##
#...#.## ###.##
####...#F# #...##..
##..# ###.#P..#.@##
#......>
###.###........#..#
##..#...
...........(...#.##
#..##..
.................#
#......
......#..........#
#......
.......#.........##
#......
###...#.......##..#
##..##..
##....#.....†....##
#....##.
#....#.......†#.#
###....##.


You could see a spiny frog, a river rat, 2 quokkas and a rat.

Vanquished Creatures
  2 spiny frogs (Lair:1)
  2 komodo dragons (Lair:1)
  A hornet (D:9)
  2 hippogriffs
  8 yaks
  A hungry ghost (D:7)
  2 soldier ants (D:9)
  2 water moccasins
  6 orc warriors
  2 sky beasts (D:10)
  6 wolves (Lair:1)
  6 crocodiles
  3 big kobolds
  5 bullfrogs
  A wyvern zombie (D:7)
  7 scorpions
  6 killer bees
  A howler monkey (D:9)
  4 crimson imps
  A centaur zombie (D:8)
  2 bullfrog zombies
  A quasit (D:9)
  A bullfrog skeleton (D:10)
  4 hounds
  A human zombie (D:5)
  2 jellies
  3 centaur skeletons
  8 orc priests
  Crazy Yiuf (D:7)
  4 iguanas
  2 human skeletons (D:5)
  Jessica (D:2)
  7 orc wizards
  11 hell rats
  7 worker ants
  A hound skeleton (D:6)
  A mummy (Ossuary)
  A worker ant zombie (D:10)
  4 gnolls (D:6)
  2 howler monkey skeletons
  5 adders
  5 river rats (Lair:1)
  A shadow imp (D:5)
  2 oozes
  An adder skeleton (D:7)
  2 worms
  2 dart slugs (D:1)
  9 leopard geckos
  45 orcs
  A ball python (D:2)
  2 bat zombies (D:5)
  4 giant cockroaches
  A gnoll zombie (Ossuary)
  6 goblins
  4 hobgoblins
  9 jackals
  16 kobolds
  8 quokkas
  7 bats
  12 frilled lizards
  3 hobgoblin zombies (Ossuary)
  A jackal skeleton (D:8)
  A kobold zombie (Ossuary)
  2 orc zombies (Ossuary)
  9 rats
  2 rat zombies (D:5)
  A bush (D:7)
293 creatures vanquished.

Vanquished Creatures (collateral kills)
  An obsidian statue (D:8)
  An elephant (D:10)
  2 spiny frogs (Lair:1)
  A troll (D:10)
  3 hippogriffs
  2 basilisks
  11 yaks
  Edmund (D:6)
  A sky beast (D:9)
  A black bear (D:9)
  2 ice beasts
  An ogre (D:6)
  A phantom (D:10)
  A centaur (D:7)
  A crocodile (D:10)
  A bullfrog (D:7)
  2 killer bees (D:10)
  A hound (D:8)
  2 centaur skeletons
  An orc priest (D:5)
  2 orc wizards (D:9)
  An iguana (D:10)
  3 worker ants
  An adder (D:6)
  A leopard gecko (D:9)
  6 orcs
  A giant cockroach (D:8)
  6 kobolds
  A quokka zombie (D:10)
  A fungus (Lair:1)
60 creatures vanquished.

Vanquished Creatures (others)
  2 fungi (Lair:1)
  4 plants (D:9)
6 creatures vanquished.

Grand Total: 359 creatures vanquished

Notes
Turn   | Place    | Note
-------+----------+-------------------------------------------
     0 | D:1      | Darkell the Demonspawn Ice Elementalist began the quest for the Orb.
     0 | D:1      | Reached XP level 1. HP: 13/13 MP: 3/3
   470 | D:1      | Gained mutation: You have a pair of small horns on your head. [demonic ancestry]
   470 | D:1      | Reached XP level 2. HP: 19/19 MP: 0/5
   931 | D:1      | Reached XP level 3. HP: 24/24 MP: 2/6
  1049 | D:2      | Found a faded altar of an unknown god.
  1231 | D:2      | Noticed Jessica
  1242 | D:2      | Killed Jessica
  1242 | D:2      | Gained mutation: You regenerate a little health from kills. [demonic ancestry]
  1242 | D:2      | Reached XP level 4. HP: 11/30 MP: 1/7
  1585 | D:2      | Noticed Terence
  1971 | D:3      | Reached skill level 5 in Ice Magic
  2200 | D:3      | Gained mutation: A weak demonic guardian rushes to your aid. [demonic ancestry]
  2200 | D:3      | Reached XP level 5. HP: 24/35 MP: 3/8
  2912 | D:4      | Noticed Pikken's ghost (amateur TrMo)
  3230 | D:4      | Gained mutation: You are surrounded by a mild repulsion field. (EV +2) [demonic ancestry]
  3230 | D:4      | Reached XP level 6. HP: 41/41 MP: 3/9
  3824 | D:5      | Entered Level 5 of the Dungeon
  4288 | D:5      | Found a sand-covered staircase.
  4377 | D:5      | Learned a level 3 spell: Ozocubu's Armour
  4378 | Ossuary  | Entered an ossuary
  4547 | Ossuary  | Learned a level 4 spell: Throw Icicle
  4930 | D:5      | Gained mutation: You have a pair of horns on your head. [demonic ancestry]
  4930 | D:5      | Reached XP level 7. HP: 46/46 MP: 1/10
  4940 | D:5      | Found an ancient bone altar of Kikubaaqudgha.
  4954 | D:5      | Became a worshipper of Kikubaaqudgha
  5617 | D:6      | Found a glowing golden altar of the Shining One.
  5674 | D:6      | Found a staircase to the Ecumenical Temple.
  5693 | D:6      | Noticed Edmund
  5711 | D:6      | Killed Edmund
  5719 | Temple   | Entered the Ecumenical Temple
  6240 | D:7      | Gained mutation: You regenerate health from kills. [demonic ancestry]
  6240 | D:7      | Reached XP level 8. HP: 45/52 MP: 8/14
  6427 | D:7      | Found a stormy altar of Qazlal.
  6428 | D:7      | Noticed an oklob plant
  6456 | D:7      | Found a deep blue altar of Sif Muna.
  6662 | D:7      | Reached * piety under Kikubaaqudgha
  6662 | D:7      | Identified Kikubaaqudgha's Papyrus of Stolen Souls (Kikubaaqudgha gifted it to you on level 7 of the Dungeon)
  6662 | D:7      | Received a gift from Kikubaaqudgha
  6821 | D:7      | Reached skill level 5 in Dodging
  6821 | D:7      | Reached skill level 5 in Spellcasting
  7598 | D:7      | Found a radiant altar of Vehumet.
  7598 | D:7      | Found a white marble altar of Elyvilon.
  7910 | D:7      | Found a runed door.
  7915 | D:7      | Noticed Crazy Yiuf
  7921 | D:7      | Killed Crazy Yiuf
  8402 | D:8      | Reached ** piety under Kikubaaqudgha
  8447 | D:8      | Found a hide-covered altar of Uskayaw.
  8447 | D:8      | Found a burning altar of Makhleb.
  8570 | D:8      | Gained mutation: A demonic guardian rushes to your aid. [demonic ancestry]
  8570 | D:8      | Reached XP level 9. HP: 57/57 MP: 10/18
  9165 | D:8      | Noticed an obsidian statue
  9172 | D:8      | Noticed a sun demon
  9175 | D:8      | Killed an obsidian statue
  9378 | D:8      | Found a roughly hewn altar of Beogh.
  9430 | D:8      | Reached *** piety under Kikubaaqudgha
  9430 | D:8      | Identified Kikubaaqudgha's Incunabulum of Sinister Magic (Kikubaaqudgha gifted it to you on level 8 of the Dungeon)
  9430 | D:8      | Received a gift from Kikubaaqudgha
  9870 | D:9      | Found a sacrificial altar of Ru.
 10182 | D:9      | Reached XP level 10. HP: 48/63 MP: 12/22
 10339 | D:9      | Reached **** piety under Kikubaaqudgha
 10509 | D:9      | Paralysed by a hornet for 3 turns
 10905 | D:10     | Entered Level 10 of the Dungeon
 11091 | D:10     | Found a staircase to the Lair.
 11091 | D:10     | Noticed an elephant
 11104 | D:10     | Killed an elephant
 11191 | D:10     | Learned a level 3 spell: Regeneration
 11261 | D:10     | Reached ***** piety under Kikubaaqudgha
 11279 | D:10     | Identified a scroll of acquirement
 11607 | D:10     | Reached skill level 5 in Conjurations
 11874 | Lair:1   | Entered Level 1 of the Lair of Beasts
 11874 | Lair:1   | Noticed a spiny frog
 11874 | Lair:1   | Noticed a spiny frog
 11883 | Lair:1   | Killed a spiny frog
 11887 | Lair:1   | Killed a spiny frog
 11894 | Lair:1   | HP: 3/63 [poisoned by a spiny frog]
 12363 | Lair:1   | Gained mutation: A powerful demonic guardian rushes to your aid. [demonic ancestry]
 12363 | Lair:1   | Reached XP level 11. HP: 68/68 MP: 18/24
 14272 | Lair:1   | Slain by a spiny frog

Skill      XL: |  1  2  3  4  5  6  7  8  9 10 11 |
---------------+----------------------------------+-----
Ice Magic      | 3 4 5 6 7 |  7.1
Dodging        | 2 4 6 8 9 |  9.4
Spellcasting   | 4 6 8 9 |  9.4
Conjurations   | 6 9 |  9.4
Stealth        | |  1.7

Action                   |  1- 3 |  4- 6 |  7- 9 | 10-12 || total
-------------------------+-------+-------+-------+-------++-------
Melee: Unarmed           |    32 |       |       |       ||    32
       Short sword       |     7 |   173 |   174 |       ||   354
       Headbutt          |       |    18 |    39 |     7 ||    64
       Quarterstaff      |       |       |    39 |    66 ||   105
 Cast: Freeze            |    47 |   103 |   275 |   299 ||   724
       Ozocubu's Armour  |       |     1 |     3 |     2 ||     6
       Throw Icicle      |       |     1 |     2 |    18 ||    21
  Use: Scroll            |     6 |     5 |       |     3 ||    14
       Potion            |       |     5 |       |     3 ||     8
 Stab: Sleeping          |       |     1 |     1 |     1 ||     3
       Distracted        |       |       |     1 |     1 ||     2
       Paralysed         |       |       |       |     1 ||     1
  Eat: Chunk             |     2 |    11 |    12 |    13 ||    38
       Royal jelly       |       |     1 |       |       ||     1
       Meat ration       |       |       |     2 |       ||     2
       Fruit             |       |       |       |     1 ||     1
Armor: Robe              |    13 |    67 |    80 |    57 ||   217
Dodge: Dodged            |    43 |   152 |   305 |   338 ||   838
